 Dungeon Crawl Stone Soup version 0.21.1-1-g345015f (webtiles) character file.

63 Solrac the Caller (level 3, -3/19 HPs)
             Began as a Deep Elf Summoner on Feb 17, 2018.
             Slain by Grinder (4 damage)
             ... on level 3 of the Dungeon.
             The game lasted 00:24:23 (3232 turns).

Solrac the Caller (Deep Elf Summoner)               Turns: 3232, Time: 00:24:23

Health: -3/19      AC:  3    Str:  5    XL:     3   Next: 87%
Magic:  7/10       EV: 13    Int: 20    God:
Gold:   80         SH:  0    Dex: 15    Spells: 6/10 levels left

rFire    . . .     SeeInvis .   m - +0 dagger (venom)
rCold    . . .     Gourm    .   (no shield)
rNeg     . . .     Faith    .   a - +0 robe
rPois    .         Spirit   .   j - +1 hat
rElec    .         Reflect  .   (no cloak)
rCorr    .         Harm     .   (no gloves)
MR       .....     Rnd*Rage +   (no boots)
Stlth    ++........             (no amulet)
HPRegen  0.06/turn              (no ring)
MPRegen  0.12/turn              (no ring)

@: no status effects
A: berserk 1
a: no special abilities


You were on level 3 of the Dungeon.
You were not hungry.

You visited 1 branch of the dungeon, and saw 3 of its levels.

You collected 80 gold pieces.

Inventory:

Hand Weapons
 d - a +0 dagger
 m - a +0 dagger of venom (weapon)
Missiles
 i - 55 stones (quivered)
Armour
 a - a +0 robe (worn)
 j - a +1 hat (worn)
Scrolls
 c - a scroll of blinking {unknown}
 f - a scroll of teleportation
 g - a scroll of remove curse
 k - 2 scrolls of identify
Potions
 e - a potion of might
 h - a potion of curing
Books
 b - a book of Callings

   Spells                             Type                      Level
   a - Summon Small Mammal            Summoning                    1
   b - Call Imp                       Summoning                    2
   c - Call Canine Familiar           Summoning                    3
   d - Summon Guardian Golem          Hexes/Summoning              3
   e - Summon Lightning Spire         Summoning/Air                4
   f - Summon Ice Beast               Ice/Summoning                4


   Skills:
 + Level 0.3 Fighting
 + Level 2.5 Dodging
 + Level 2.5 Stealth
 + Level 4.0 Spellcasting
 + Level 5.4 Summonings


You had 6 spell levels left.
You knew the following spells:

 Your Spells              Type           Power        Failure   Level  Hunger
a - Summon Small Mammal   Summ           ####         1%          1    None
b - Call Canine Familiar  Summ           ####....     4%          3    ###....


Dungeon Overview and Level Annotations

Branches:
Dungeon (3/15)

Altars:
Fedhas
Wu Jian

Annotations:
D:3 Grinder


Innate Abilities, Weirdness & Mutations

You tend to lose your temper in combat.


Message History

Grinder blinks!
Grinder barely misses you.
There is a stone staircase leading up here.
Casting: Summon Small Mammal
Confirm with . or Enter, or press ? or * to list all spells.
The orc closely misses you. The orc misses you. Grinder closely misses you.
Your hound bites the orc.
The orc completely misses your hound.
The orc priest calls down the wrath of Beogh upon you.
Beogh smites you! Grinder closely misses you.
You hit the orc but do no damage.
The orc is poisoned.
Your hound barely misses the orc.
The orc closely misses you.
The hobgoblin hits your hound but does no damage.
The orc closely misses your hound. Grinder hits you!
* * * LOW HITPOINT WARNING * * *
You writhe in agony.
* * * LOW HITPOINT WARNING * * *
Your hound barely misses the orc.
You hit the orc but do no damage. The orc closely misses you.
Your hound bites the orc.
The hobgoblin misses your hound. The orc barely misses your hound.
Grinder hits you.
You die...

#########
#.......#
#...oh5.#
#..ogo@.#
##...#####
#..#####....#
..........o##
......###o.#
..... #..g#
.... #..##
#.. ###..# ..
#....#


You could see Grinder, an orc priest, 2 orcs, a hobgoblin and a friendly hound.

Vanquished Creatures
  A bat (D:1)
1 creature vanquished.

Vanquished Creatures (collateral kills)
  An adder (D:2)
  A gnoll (D:1)
  An ooze (D:1)
  6 worms
  2 dart slugs (D:1)
  4 leopard geckos
  2 giant cockroaches (D:1)
  6 goblins
  7 hobgoblins
  4 jackals (D:1)
  7 bats
  2 frilled lizards (D:1)
  5 kobolds (D:1)
  7 rats
55 creatures vanquished.

Grand Total: 56 creatures vanquished

Notes
Turn   | Place    | Note
-------+----------+-------------------------------------------
     0 | D:1      | Solrac the Deep Elf Summoner began the quest for the Orb.
     0 | D:1      | Reached XP level 1. HP: 10/10 MP: 6/6
   459 | D:1      | Reached XP level 2. HP: 13/15 MP: 2/8
   788 | D:1      | Gained mutation: You tend to lose your temper in combat. [potion of mutation]
   788 | D:1      | Gained mutation: You are weak. (Str -2) [potion of mutation]
   788 | D:1      | Lost mutation: You are weak. (Str -2) [potion of mutation]
  1026 | D:1      | Reached skill level 5 in Summonings
  1205 | D:1      | Reached XP level 3. HP: 6/19 MP: 5/10
  1560 | D:1      | Learned a level 3 spell: Call Canine Familiar
  2743 | D:3      | Found a blossoming altar of Fedhas.
  2747 | D:3      | Found an ornate altar of the Wu Jian Council.
  2760 | D:3      | Noticed Grinder
  3232 | D:3      | Slain by Grinder

Skill      XL: |  1  2  3 |
---------------+----------+-----
Summonings     | 5 |  5.4
Spellcasting   | 4 |  4.0
Fighting       | |  0.3
Dodging        | |  2.5
Stealth        | |  2.5

Action                   || total
-------------------------++-------
Melee: Unarmed           ||     1
       Dagger            ||    20
 Cast: Summon Small Mamm ||    72
       Call Canine Famil ||    22
  Use: Scroll            ||     5
       Potion            ||     5
  Eat: Chunk             ||     3
       Ration            ||     2
Armor: Robe              ||     7
Dodge: Dodged            ||    53
